Tangles, chaotic female sylph Priestess ----------------------------------------------------- |..)^..................`............).....[.........| $ |.----------|--.---...----------------------------(.| * $ * |.| --- |.|--- |...|..........................|x.| |.||...| ---.|.| -...|.............<....[..........| $ * ** |.||...--|.....| .---............^!............|..| $ ** |.||.....|-|-..| |............(......^........|..| * |.| ---..|..|..--- ------------------------------.. $ $ |.| |..|..|...(| *) ) ) ) h * *$* $ |.| |..|..|----- ..| |.-----..---| ------ |..| * |.).........| .....| |..| ------------ --.|.-------qE| ----.|..........| .....|----------- ----.|............ |.............. --------------- Tangles the Adept Experience level: 7 Strength: 9 Dexterity: 13 Constitution: 17 Intelligence: 19 Wisdom: 8 Charisma: 12 Health: 0(52) Energy: 73(73) Def: 9 Gold: 59 Moves: 5672 Dungeon seed: X9tfmJs57LNRFqBH Game ID: Tangles_1470059277 Your Inventory: Coins $ - 59 gold pieces Weapons G - a blessed rusty corroded +1 mace Armor e - a +0 robe (being worn) P - a +0 small shield Comestibles m - a C-ration p - a lizard corpse t - 2 cloves of garlic w - 2 tripe rations C - 2 candy bars Scrolls f - a scroll of identify j - a scroll of enchant armor Wands q - a wand of lightning (0:4) H - a wand of striking (0:6) I - a wand of cold (0:7) Tools a - a magic whistle c - a stethoscope d - a +0 unicorn horn (weapon in hands) h - a wax candle (0:400) i - an oil lamp (0:1476) l - a skeleton key n - a towel o - an oil lamp (lit) (0:399) F - a sack O - a +0 pick-axe S - a partly used tallow candle (0:176) Gems r - an aquamarine stone Contents of the sack: a scroll of destroy armor a scroll of enchant armor a blessed scroll of food detection a scroll of genocide a cursed scroll of identify a scroll of remove curse a cursed scroll of remove curse a scroll of teleportation a cursed scroll of teleportation a scroll of water 2 potions of healing 4 potions of holy water Spells and supernatural/magical abilities: Name Level Category Fail Memory h - healing 1 healing 0% 83% p - protection 1 clerical 0% 72% r - remove curse 3 clerical 0% 72% z - sleep 1 enchantment 0% 73% F - finger of death 7 attack 93% 76% K - cure sickness 3 healing 45% 72% W - pray for help -- divine ? -- X - turn undead -- divine ? -- Your skills at the end: Miscellaneous Skills shield [Basic] wands [Basic] Weapon Skills mace [Skilled] Spellcasting Skills clerical spells [Basic] Final Attributes: You were piously aligned. You saw invisible. You had infravision. You were displaced. You were stealthy. You were protected. You were protected from shape changers. You are dead (2nd time!). Vanquished creatures: a small mimic a wood golem a freezing sphere a python a soldier a quivering blob a lizard a giant spider a vampire bat 5 gnome kings 2 dwarf lords a gray unicorn 2 gnome mummies a snake 2 bugbears a rock mole a pony a fog cloud a yellow light a violet fungus 15 gnome lords 3 gnomish wizards a kobold mummy a black naga hatchling a golden naga hatchling 2 gray oozes a ghoul 20 dwarves 2 kobold lords an iguana 2 rabid rats a giant bat 2 dwarf zombies a wererat a coyote a gas spore 6 hobbits an acid blob 2 giant rats 4 cave spiders 60 gnomes 7 jackals 4 foxes a kobold 2 newts 2 sewer rats a grid bug a bat 4 lichens a kobold zombie 178 creatures vanquished. Voluntary challenges: You followed a strict vegan diet. You had been an atheist until turn 3252. You used a wielded weapon 284 times, starting on turn 1. You did not apply a unicorn horn. You read items or engraved 83 times, starting on turn 77. You never genocided any monsters. You never polymorphed an object. You never changed form. You used no wishes. You never split a pudding. You never wrote Elbereth's name. You never violated your personal moral code. Dungeon overview: The Dungeons of Doom: levels 1 to 3 Level 1 a long staircase Level 2 (v) stairs to The Gnomish Mines Level 3 The Gnomish Mines: levels 3 to 11 Level 3 stairs to The Dungeons of Doom Level 4 Level 5 Level 6 many shops, a temple to Issek, a magic chest, some fountains, some trees Level 7 Level 8 Level 9 Level 10 Level 11 <- You were here a magic chest History has recorded: On T:1 you entered the Dungeons of Doom to retrieve the Amulet of Yendor! On T:69 you reached level 2 of The Dungeons of Doom. On T:487 you reached level 3 of The Dungeons of Doom. On T:561 you advanced to experience level 2. On T:659 you reached level 1 of The Gnomish Mines. On T:729 you advanced to experience level 3. On T:1029 you advanced to experience level 4. On T:1059 you reached level 2 of The Gnomish Mines. On T:1315 you advanced to experience level 5. On T:1607 you reached level 3 of The Gnomish Mines. On T:1657 you reached level 4 of The Gnomish Mines. On T:1977 you advanced to experience level 6. On T:2093 you entered the Minetown temple On T:2097 you opened a magic chest. On T:2100 you opened a magic chest. On T:2103 you opened a magic chest. On T:2104 you opened a magic chest. On T:2907 you opened a magic chest. On T:2974 you opened a magic chest. On T:3257 you opened a magic chest. On T:3258 you opened a magic chest. On T:3290 you reached level 5 of The Gnomish Mines. On T:3359 you advanced to experience level 7. On T:3389 you reached level 6 of The Gnomish Mines. On T:3425 you reached level 7 of The Gnomish Mines. On T:4109 you reached level 8 of The Gnomish Mines. On T:5062 you reached level 9 of The Gnomish Mines. On T:5062 you reached the bottom of the Mines. On T:5232 you were saved from death by your amulet of life saving! On T:5517 you opened a magic chest. On T:5551 you opened a magic chest. On T:5553 you opened a magic chest. Score breakdown: Gold: 59 ( 5 points) Experience: 7 levels ( 600 points) Exploration: 11 levels ( 300 points) Discoveries: 22 items ( 1100 points) Variety of kills: 50 monsters ( 2000 points) Major goal: reached Mine's End ( 1000 points) Survival: died (score multiplied by 3) Total score: 15015 Latest messages: You displace invisible KittySplat. (3x) You stop. Invisible KittySplat is in the way! You don't have that object. You hear nothing special. You see here a crossbow. You see here 4 cursed crossbow bolts. Your lamp is now on. j - a scroll called EW, ea/rc GARVEN. The leocrotta claws you! The leocrotta bites! The leocrotta misses. You are beginning to feel hungry. The leocrotta claws you! The leocrotta bites! The leocrotta claws you! (2x) The leocrotta bites! The leocrotta claws you! You die... Final status: Goodbye Tangles the Priestess, killed by a leocrotta... You died in The Gnomish Mines on dungeon level 11 with 15015 points, and 59 pieces of gold, after 5672 moves. You were level 7 with a maximum of 52 hit points when you died.